 Dungeon Crawl Stone Soup version 0.30-a0-1160-g6e42c06551 (webtiles) character file.

Game seed: 13148033506906375964

50 Newt the Shooter (level 4, -1/30 HPs)
             Began as a Kobold Hunter on Apr 25, 2023.
             Slain by an orc wizard
             ... wielding a +0 dagger
              (3 damage)
             ... on level 2 of the Dungeon.
             The game lasted 00:01:46 (1141 turns).

Newt the Shooter (Kobold Hunter)                    Turns: 1141, Time: 00:01:47

Health: -1/30      AC:  4    Str:  8    XL:     4   Next: 4%
Magic:  13/13      EV: 14    Int: 10    God:
Gold:   83         SH:  0    Dex: 20    Spells: 3/3 levels left

rFire   . . .        a - +0 shortbow
rCold   . . .        (shield currently unavailable)
rNeg    . . .        c - +1 leather armour
rPois   .            (no helmet)
rElec   .            (no cloak)
rCorr   .            (no gloves)
SInv    .            (no boots)
Will    .....        f - amulet of reflection
Stlth   ++           e - ring of magical power
HPRegen 0.25/turn    (no ring)
MPRegen 0.13/turn

%: reflection
@: confused
A: small, no large weapons, nightstalker 3
a: no special abilities


You were on level 2 of the Dungeon.
You visited 1 branch of the dungeon, and saw 2 of its levels.

You collected 83 gold pieces.

Inventory:

Hand Weapons
 a - a +0 shortbow (weapon)
Armour
 c - a +1 leather armour (worn)
Jewellery
 e - a ring of magical power (left hand)
 f - an amulet of reflection (around neck)
Scrolls
 b - 2 scrolls of immolation
 g - a scroll of magic mapping {unknown}


   Skills:
 + Level 4.4 Fighting
 - Level 5.3 Ranged Weapons
 - Level 2.4 Dodging
 - Level 1.3 Stealth


You had 3 spell levels left.
You didn't know any spells.
Your spell library was empty.

Dungeon Overview and Level Annotations

Branches:
Dungeon (2/15)

Altars:


Innate Abilities, Weirdness & Mutations

You are small and have problems with some larger weapons.
You are completely attuned to the shadows.


Message History

You are confused.
You clumsily bash the orc but do no damage.
The orc hits you with a +0 club.
You miss the orc. The orc misses you.
You closely miss the orc. The orc barely misses you.
You closely miss the orc.
You feel less confused. The orc hits you with a +0 club. Something hits you.
The orc hits you with a +0 club.
* * * LOW HITPOINT WARNING * * *
The orc closely misses you.
You hear some strange, mumbled words.
You are confused.
You bump into the rock wall.
The orc hits you with a +0 club.
* * * LOW HITPOINT WARNING * * *
Something hits you.
* * * LOW HITPOINT WARNING * * *
It was a potion of cancellation.
Your magical effects are unravelling.
You feel magically purged.
You feel less confused.
You hear some strange, mumbled words.
You are confused.
Unknown command.
Something barely misses you.
You hear some strange, mumbled words.
Something tries to affect you, but you resist.
You bump into the rock wall.
You hear some strange, mumbled words.
You are more confused.
You're too confused to move!
You bump into the rock wall.
Something hits you.
* * * LOW HITPOINT WARNING * * *
You are too confused!
You clumsily bash something but do no damage.
Something hits you.
* * * LOW HITPOINT WARNING * * *
Unknown command.
You bump into the rock wall.
Something hits you.
You die...

...... .)# .....#
#)# #
.###.####.########.#
#................#.#
.###.#.#...##......#
## #.#.#...##.##o###
#.(........##o#
#.###.#.#####{# #.#
#.#.# #@# #.. ..#
......# ### ##
######


You could see 2 orcs.

Vanquished Creatures
  An adder (D:2)
  2 dart slugs (D:1)
  2 orcs (D:2)
  3 endoplasms (D:1)
  A giant cockroach (D:2)
  3 hobgoblins
  4 jackals (D:1)
  9 kobolds
  2 quokkas (D:1)
  4 ball pythons
  A bat (D:1)
  A frilled lizard (D:1)
  A rat (D:1)
34 creatures vanquished.

Notes
Turn   | Place    | Note
-------+----------+-------------------------------------------
     0 | D:1      | Newt the Kobold Hunter began the quest for the Orb.
     0 | D:1      | Reached XP level 1. HP: 12/12 MP: 1/1
    29 | D:1      | Reached XP level 2. HP: 12/19 MP: 2/2
   334 | D:1      | Reached XP level 3. HP: 23/23 MP: 3/3
   399 | D:1      | HP: 1/24 [kobold/+0 club (4)]
  1112 | D:2      | Reached XP level 4. HP: 30/30 MP: 4/4
  1141 | D:2      | Slain by an orc wizard

Illustrated notes

Levels and vault maps discovered:
D:1:      heliophobic_arrival_ceremonial_halls, layout_basic,
          chequers_serial_rivers_micro_d
D:2:      minmay_wonky_spiral, layout_loops_cross, chequers_serial_rivers_marsh

Skill      XL: |  1  2  3 |
---------------+----------+-----
Fighting       | 3 4 |  4.4
Ranged Weapons | |  5.3
Dodging        | |  2.4
Stealth        | |  1.3

Action                     |  1- 3 |  4- 6 || total
---------------------------+-------+-------++-------
  Melee: Shortbow          |       |     7 ||     7
   Fire: Shortbow          |    89 |     4 ||    93
    Use: Scroll            |     2 |       ||     2
         Potion            |       |     1 ||     1
 Armour: Leather armour    |    10 |     2 ||    12
  Dodge: Dodged            |    55 |    10 ||    65
  Block: Other             |     1 |       ||     1

Table legend: (Time is in decaauts)
 A = Elapsed time spent in this place.
 B = Non-inter-level travel time spent in this place.
 C = Inter-level travel time spent in this place.
 D = Time resting spent in this place.
 E = Time spent auto-exploring this place.
 F = Levels seen in this place.
 G = Mean time per level.
                   A        B        C        D        E       F      G
               +--------+--------+--------+--------+--------+-----+--------+
         Total |   1171 |   1164 |      7 |    192 |    768 |   2 |  585.5 |
       Dungeon |   1171 |   1164 |      7 |    192 |    768 |   2 |  585.5 |
               +--------+--------+--------+--------+--------+-----+--------+

Top non-repeatable levels by time:
     D:1: 899 daAuts
     D:2: 272 daAuts
